 Dungeon Crawl Stone Soup version 0.27-a0-1312-g5cdb2b3542 (webtiles) character file.

Game seed: 5005014261196828415

51 trckry the Firebug (level 3, 0/19 HPs)
             Began as a Deep Elf Fire Elementalist on June 19, 2021.
             Succumbed to an adder's poison
             ... on level 2 of the Dungeon.
             The game lasted 00:02:28 (1212 turns).

trckry the Firebug (Deep Elf Fire Elementalist)     Turns: 1212, Time: 00:02:29

Health: 0/19       AC:  2    Str:  6    XL:     3   Next: 57%
Magic:  5/9        EV: 12    Int: 19    God:
Gold:   48         SH:  0    Dex: 15    Spells: 7/8 levels left

rFire    . . .     SeeInvis .   (no weapon)
rCold    . . .     Faith    .   (no shield)
rNeg     . . .     Spirit   .   a - +0 robe
rPois    .         Reflect  .   (no helmet)
rElec    .         Harm     .   (no cloak)
rCorr    .         Rampage  .   (no gloves)
Will     .....                  (no boots)
Stlth    ++........             (no amulet)
HPRegen  0.06/turn              (no ring)
MPRegen  0.11/turn              (no ring)

@: lethally poisoned (0 -> -3)
A: no striking features
a: no special abilities


You were on level 2 of the Dungeon.
You visited 1 branch of the dungeon, and saw 2 of its levels.

You collected 48 gold pieces.

Inventory:

Armour
 a - a +0 robe (worn)
Scrolls
 b - a scroll of enchant armour {unknown}


   Skills:
 - Level 2.4 Dodging
 - Level 2.4 Stealth
 - Level 3.0 Spellcasting
 * Level 2.8 Conjurations
 * Level 4.3 Fire Magic


You had 7 spell levels left.
You knew the following spells:

 Your Spells              Type           Power      Damage    Failure   Level
a - Foxfire               Conj/Fire      64%        2x1d7     3%          1

Your spell library contained the following spells:

 Spells                   Type           Power      Damage    Failure   Level
 Conjure Flame            Conj/Fire      16%        6-21      11%         3
 Inner Flame              Hex/Fire       11%        N/A       19%         3
 Sticky Flame             Conj/Fire      16%        2d4       34%         4
 Fireball                 Conj/Fire      8%         3d6       69%         5


Dungeon Overview and Level Annotations

Branches:
Dungeon (2/15)

Altars:


Message History

You conjure some foxfire!
You feel sick.
The foxfire hits the adder.
The adder is lightly wounded.
The foxfire hits the adder.
The adder is lightly wounded.
The adder closely misses you. The adder bites you.
You are lethally poisoned!
The adder poisons you!
You take 4 damage, and have 10/19 hp.
MASSIVE DAMAGE!!
You now have 7/9 mp.
Casting: Foxfire (safe; 3% risk of failure)
Confirm with . or Enter, or press ? or * to list all spells.
You conjure some foxfire!
You feel very sick.
The foxfire hits the adder.
The adder is moderately wounded.
The foxfire hits the adder.
The adder is severely wounded.
The adder closely misses you.
You take 3 damage, and have 7/19 hp.
You now have 6/9 mp.
Casting: Foxfire (safe; 3% risk of failure)
Confirm with . or Enter, or press ? or * to list all spells.
You conjure some foxfire!
* * * LOW HITPOINT WARNING * * *
You feel sick.
The foxfire hits the adder.
The adder is almost dead.
The foxfire hits the adder.
You kill the adder!
You take 2 damage, and have 5/19 hp.
You now have 5/9 mp.
You aren't carrying any potions.
* * * LOW HITPOINT WARNING * * *
You feel sick.
You see here an adder corpse.
You take 1 damage, and have 4/19 hp.
* * * LOW HITPOINT WARNING * * *
You feel sick.
You take 2 damage, and have 2/19 hp.
* * * LOW HITPOINT WARNING * * *
You feel sick.
Your foxfire dissipates! x2
You take 1 damage, and have 1/19 hp.
You die...

##########
#...†....#
#........###
#...§..†...#
#§<......#@#
##########.#
... ##.##
#.# #.# #.#
..#


There were no monsters in sight!

Vanquished Creatures
  An adder (D:2)
  A worm (D:2)
  A dart slug (D:1)
  3 ball pythons
  2 bats (D:1)
  3 endoplasms (D:1)
  2 giant cockroaches (D:1)
  3 goblins (D:1)
  A hobgoblin (D:1)
  10 jackals (D:1)
  A quokka (D:1)
  2 frilled lizards (D:1)
  3 rats (D:1)
33 creatures vanquished.

Vanquished Creatures (others)
  97 foxfires
97 creatures vanquished.

Grand Total: 130 creatures vanquished

Notes
Turn   | Place    | Note
-------+----------+-------------------------------------------
     0 | D:1      | trckry the Deep Elf Fire Elementalist began the quest for
                  | the Orb.
     0 | D:1      | Reached XP level 1. HP: 10/10 MP: 6/6
     6 | D:1      | Noticed an anaconda
     6 | D:1      | Noticed a killer bee
     7 | D:1      | Noticed a swamp drake
     7 | D:1      | Noticed a wolf
   239 | D:1      | Reached XP level 2. HP: 15/15 MP: 4/8
   690 | D:1      | Reached skill level 4 in Fire Magic
   841 | D:1      | Reached XP level 3. HP: 19/19 MP: 6/9
   866 | D:1      | Found a faded altar of an unknown god.
  1210 | D:2      | HP: 2/19 [poisoned by an adder]
  1212 | D:2      | Succumbed to an adder's poison

Illustrated notes

Levels and vault maps discovered:
D:1:      onia_arrival_zoo_common, layout_basic, ebering_ecumenical_altar_box
D:2:      layout_basic

Skill      XL: |  1  2 |
---------------+-------+-----
Conjurations   | 2 |  2.8
Fire Magic     | 4 |  4.3
Dodging        | |  2.4
Stealth        | |  2.4
Spellcasting   | |  3.0

Action                   || total
-------------------------++-------
 Cast: Foxfire           ||    63
Armor: Robe              ||     8
Dodge: Dodged            ||    35

Table legend: (Time is in decaauts)
 A = Elapsed time spent in this place.
 B = Non-inter-level travel time spent in this place.
 C = Inter-level travel time spent in this place.
 D = Time resting spent in this place.
 E = Time spent auto-exploring this place.
 F = Levels seen in this place.
 G = Mean time per level.
                   A        B        C        D        E       F      G
               +--------+--------+--------+--------+--------+-----+--------+
         Total |   1211 |   1187 |     24 |      0 |    957 |   2 |  605.5 |
       Dungeon |   1211 |   1187 |     24 |      0 |    957 |   2 |  605.5 |
               +--------+--------+--------+--------+--------+-----+--------+

Top non-repeatable levels by time:
     D:1: 1149 daAuts
     D:2: 62 daAuts
